 Dungeon Sprint DCSS version 0.31-a0-1074-g0b22e4e0f1 (webtiles) character file.

Game seed: 10755190221025648569

39403777 fozzywoppz the Conqueror (level 20, 216/216 HPs)
             Began as a Minotaur Fighter on Dec 7, 2023.
             Was the Champion of the Shining One.
             Escaped with the Orb
             ... and 9 runes on Dec 8, 2023!
             The game lasted 00:51:09 (13101 turns).

fozzywoppz the Conqueror (Minotaur Fighter)        Turns: 13101, Time: 00:51:09

Health: 216/216    AC: 36    Str: 33    XL:     20   Next: 87%
Magic:  45/45      EV: 28    Int:  1    God:    the Shining One [******]
Gold:   661        SH: 33    Dex: 24    Spells: 19/19 levels left

rFire   + + .        l - +7 trishula (holy)
rCold   . . .        n - +5 tower shield
rNeg    + + +        a - +7 gold dragon scales
rPois   +            H - +1 hat {Will+}
rElec   .            X - +2 cloak
rCorr   +            c - -1 pair of gloves "Aghuqiyx" {+Blink Regen+ Dex-2 Slay+4}
SInv    .            p - +0 pair of boots
Will    ++++.        S - amulet of Heresy {*Corrode Will+ Regen+ Str+8 Dex+3}
Stlth   +            W - ring "Synikloi" {rN+ rCorr MP+9 Dex+2 Stlth+}
HPRegen 2.16/turn    Q - ring of Allaph {rF+ Will+ Dex+6}
MPRegen 0.29/turn

%: no teleportation, corrode self (3%), clarity
@: glowing
A: horns 2, retaliatory headbutt, talons 1, clarity, deformed body, dopey 2,
cold vulnerability 1, sturdy frame 1
0: Orb of Zot
}: 9/17 runes: decaying, serpentine, barnacled, slimy, elven, silver, golden,
abyssal, gossamer
a: Renounce Religion, Evoke Blink, Divine Shield, Cleansing Flame, Summon Divine
Warrior


You escaped.
You worshipped the Shining One.
The Shining One was exalted by your worship.
You visited 1 branch You collected 2003 gold pieces.
You spent 1342 gold pieces at shops.

Inventory:

Hand Weapons
 l - a +7 trishula of holy wrath (weapon)
 E - a +7 sacred scourge of holy wrath
 J - the +7 sceptre of Torment {pain, torment}
   (Okawaru gifted it to you in the Dungeon)

   The Shining One disapproves of the use of such an item.
 R - a +1 great sword of holy wrath
Missiles
 s - 5 curare-tipped darts
 w - 12 boomerangs
 x - 6 silver javelins (quivered)
 y - 2 throwing nets
Armour
 a - +7 gold dragon scales (worn)
 c - the -1 pair of gloves "Aghuqiyx" (worn) {+Blink Regen+ Dex-2 Slay+4}
   (Okawaru gifted it to you in the Dungeon)

   Dex-2:     It affects your dexterity (-2).
   Slay+4:    It affects your accuracy & damage with ranged weapons and melee
   (+4).
   +Blink:    It lets you blink.
   Regen+:    It increases your rate of health regeneration.
 n - a +5 tower shield (worn)
 p - a +0 pair of boots (worn)
 H - a +1 hat of willpower (worn)
 M - the +10 tower shield of Ignorance {rN+ Int-4}
   (You found it in the Dungeon)

   Int-4:     It affects your intelligence (-4).
   rN+:       It protects you from negative energy.
 X - a +2 cloak (worn)
Jewellery
 G - a +4 ring of evasion
 K - a +4 ring of protection
 L - a +6 ring of strength
 Q - the ring of Allaph (right hand) {rF+ Will+ Dex+6}
   (You found it in the Dungeon)

   [ring of dexterity]

   Dex+6:     It affects your dexterity (+6).
   rF+:       It protects you from fire.
   Will+:     It increases your willpower.
 S - the amulet of Heresy (around neck) {*Corrode Will+ Regen+ Str+8 Dex+3}
   (You found it in the Dungeon)

   [amulet of regeneration]

   Str+8:     It affects your strength (+8).
   Dex+3:     It affects your dexterity (+3).
   Will+:     It increases your willpower.
   Regen+:    It increases your rate of health regeneration.
   *Corrode:  It may corrode you when you take damage.
 T - the amulet of Noas {RegenMP Rampage}
   (You found it in the Dungeon)

   [amulet of magic regeneration]

   RegenMP:   It increases your rate of magic regeneration.
   Rampage:   It bestows one free step when moving towards enemies.
 U - a +3 ring of slaying
 V - the amulet of Rempaz Guego {Spirit rPois rC+ Int+3}
   (You found it in the Dungeon)

   [amulet of guardian spirit]

   Spirit:    It causes incoming damage to be divided between your reserves of
   health and magic.
   Int+3:     It affects your intelligence (+3).
   rC+:       It protects you from cold.
   rPois:     It protects you from poison
 W - the ring "Synikloi" (left hand) {rN+ rCorr MP+9 Dex+2 Stlth+}
   (You found it in the Dungeon)

   [ring of positive energy]

   Dex+2:     It affects your dexterity (+2).
   rN+:       It protects you from negative energy.
   MP+9:      It affects your magic capacity (+9).
   rCorr:     It protects you from acid and corrosion.
   Stlth+:    It makes you more stealthy.
Wands
 m - a wand of roots (3)
 z - a wand of light (6)
Scrolls
 k - 3 scrolls of blinking
 q - 2 scrolls of enchant armour
 t - 4 scrolls of fear
 u - 3 scrolls of identify
 A - a scroll of fog
Potions
 b - 4 potions of heal wounds
 d - a potion of brilliance
 e - 9 potions of curing
 f - a potion of berserk rage
 g - 5 potions of haste
 h - 9 potions of magic
 i - a potion of invisibility
 j - a potion of might
 O - 2 potions of attraction


   Skills:
 O Level 27 Fighting
 + Level 26.7 Long Blades
 - Level 17.7 Maces & Flails
 O Level 27 Polearms
 O Level 27 Throwing
 O Level 27 Armour
 O Level 27 Dodging
 O Level 27 Stealth
 O Level 27 Shields
 - Level 5.7 Necromancy
 O Level 27 Invocations
 O Level 27 Evocations


You had 19 spell levels left.
You didn't know any spells.
Your spell library contained the following spells:

 Spells                   Type           Power      Damage    Failure   Level
 Freeze                   Ice            0%         1d3       94%         1
 Ensorcelled Hibernation  Hex/Ice        0%         N/A       98%         2
 Passage of Golubria      Tloc           0%         N/A       100%        4
 Silence                  Hex/Air        0%         N/A       100%        5
 Lehudib's Crystal Spear  Conj/Erth      0%         10d2      100%        8
 Maxwell's Capacitive Co  Air            0%         ∞         100%        8
 Chain Lightning          Conj/Air       0%         N/A       100%        9


Dungeon Overview and Level Annotations

Branches:
Dungeon (1/1)

Altars:
Cheibriados
Dithmenos
Elyvilon
Fedhas
Gozag
Hepliaklqana
Kikubaaqudgha
Makhleb
Nemelex Xobeh
Okawaru
Qazlal
Ru
Sif Muna
Trog
Uskayaw
Vehumet
Wu Jian
Xom
Yredelemnul
Zin
The Shining One
Jiyva
Lugonu

Shops:
D [([(


Innate Abilities, Weirdness & Mutations

You have a pair of horns on your head.
You reflexively headbutt those who attack you in melee.
You have sharp toenails.
You possess an exceptional clarity of mind.
Armour fits poorly on your strangely shaped body.
You are very dopey. (Int -4)
You are vulnerable to cold. (rC-)
Your movements are slightly less encumbered by armour. (ER -2)


Message History

There is a basalt altar of Yredelemnul here.
There is a shimmering altar of Xom here.
There is an ornate altar of the Wu Jian Council here.
There is a radiant altar of Vehumet here.
There is a hide-covered altar of Uskayaw here.
There is a bloodstained altar of Trog here.
There is a shimmering blue altar of Sif Muna here.
There is a sacrificial altar of Ru here.
There is a stormy altar of Qazlal here.
There is an iron altar of Okawaru here.
There is a sparkling altar of Nemelex Xobeh here.
There is a burning altar of Makhleb here.
There is a corrupted altar of Lugonu here.
There is an ancient bone altar of Kikubaaqudgha here.
There is a hazy altar of Hepliaklqana here.
A reaper comes into view. It is wielding a +0 scythe of flaming.
There is an opulent altar of Gozag here.
There is a blossoming altar of Fedhas here.
There is a white marble altar of Elyvilon here.
You block the reaper's attack.
There is a shadowy altar of Dithmenos here.
You block the reaper's attack.
There is a snail-covered altar of Cheibriados here.
You spit the reaper like a pig!!!
The reaper convulses!!
You headbutt the reaper, but do no damage.
The reaper is almost dead.
You impale the reaper!!
You kill the reaper!
The Shining One accepts your kill.
You feel better.
There is a roughly hewn altar of Beogh here.
You see here a +0 scythe of flaming.
There is an open door to the Temple here.
Things that are here:
a +0 scale mail; a +3 spear of freezing; a +0 leather armour
There is an open door here.
There is an open door to the Dungeon here.
You close the door.
There is a staircase leading out of the dungeon here.
You have escaped!

▓.▓.▓.▓)▓.▓.▓.▓.▓.
▓.▓.▓'▓.▓.▓.▓.▓.▓.
▓.▓.▓.▓.▓.▓.▓.▓.▓.
▓.▓.▓.▓.▓.▓.▓.▓.▓.
▓+▓.▓.▓.▓.▓.▓.▓.▓.
▓.▓.▓.▓.▓.▓.▓.▓.▓.
▓.▓.▓.▓.▓.▓.▓.▓.▓.
▓.▓.▓.▓.▓.▓.▓.▓.▓.
▓@▓...▓...▓...▓...
▓▓▓▓▓▓▓▓▓▓▓▓▓▓▓▓▓▓


There were no monsters in sight!

Vanquished Creatures
  the Royal Jelly (D)
  6 orbs of fire (D)
  Mara (D)
  9 ancient liches (D)
  Mennas (D)
  2 pandemonium lords (D)
  6 royal mummies (D)
  Frederick (D)
  A caustic shrike (D)
  A curse toe (D)
  Margery (D)
  6 golden dragons (D)
  Nikola (D)
  A profane servitor (D)
  An electric golem (D)
  A Brimstone Fiend (D)
  2 Ice Fiends (D)
  Rupert (D)
  5 tentacled monstrosities (D)
  4 deep elf blademasters (D)
  3 deep elf master archers (D)
  4 liches (D)
  34 Orb Guardians (D)
  4 titans (D)
  An Executioner (D)
  13 sphinxes (D)
  9 acid blobs (D)
  Frances (D)
  3 death cobs (D)
  A tengu reaver (D)
  Gastronok (D)
  6 shadow dragons (D)
  Aizul (D)
  3 storm dragons (D)
  2 draconian monks (D)
  Ilsuiw (D)
  A demonspawn warmonger (D)
  4 nagarajas (D)
  A daeva (D)
  4 draconian knights (D)
  3 fire giants (D)
  6 rockslimes (D)
  6 azure jellies (D)
  4 frost giants (D)
  3 emperor scorpions (D)
  A deep elf sorcerer (D)
  5 vault wardens (D)
  A ghost moth (D)
  4 draconian shifters (D)
  A draconian scorcher (D)
  3 orc warlords (D)
  A cacodemon (D)
  A demonspawn corrupter (D)
  7 stone giants (D)
  3 reapers (D)
  A spriggan defender (D)
  2 very ugly things (D)
  2 quicksilver oozes (D)
  A war gargoyle (D)
  3 ironbound preservers (D)
  4 ironbound thunderhulks (D)
  A demonspawn black sun (D)
  7 vampire knights (D)
  2 green draconians (D)
  A lorocyproca (D)
  A deep elf demonologist (D)
  2 dire elephants (D)
  4 deep elf annihilators (D)
  A white draconian (D)
  5 purple draconians (D)
  A spark wasp (D)
  4 red draconians (D)
  2 deep elf death magi (D)
  4 yellow draconians (D)
  A blizzard demon (D)
  6 ettins (D)
  7 merfolk impalers (D)
  2 mummy priests (D)
  3 fire dragons (D)
  7 merfolk javelineers (D)
  A green death (D)
  3 yaktaur captains (D)
  3 deep elf high priests (D)
  2 great orbs of eyes (D)
  2 ghost crabs (D)
  Harold (D)
  A rakshasa (D)
  3 ice dragons (D)
  25 vault guards (D)
  7 hydras (D)
  2 anacondas (D)
  5 centaur warriors (D)
  2 ironbound frosthearts (D)
  2 alligators (D)
  2 boulder beetles (D)
  A spriggan air mage (D)
  6 tengu warriors (D)
  Erica (D)
  4 demonic crawlers (D)
  4 merfolk aquamancers (D)
  5 naga warriors (D)
  2 deep troll earth magi (D)
  4 hell hogs (D)
  3 deep troll shamans (D)
  An orc high priest (D)
  A vampire mage (D)
  A soul eater (D)
  A spriggan berserker (D)
  12 spriggans (D)
  A shock serpent (D)
  2 deep elf knights (D)
  4 hell knights (D)
  A pharaoh ant (D)
  A salamander mystic (D)
  A sixfirhy (D)
  A wretched star (D)
  A spriggan druid (D)
  7 swamp dragons (D)
  A deep elf archer (D)
  3 glowing orange brains (D)
  6 orc knights (D)
  2 necromancers (D)
  A lindwurm (D)
  A wolf spider (shapeshifter) (D)
  2 wolf spiders (D)
  A deep elf zephyrmancer (D)
  2 deep elf pyromancers (D)
  An oklob plant (D)
  7 orc sorcerers (D)
  2 ugly things (D)
  A mana viper (shapeshifter) (D)
  Maurice (D)
  2 manticores (D)
  An elephant (D)
  3 salamanders (D)
  14 moths of wrath (D)
  3 naga magi (D)
  4 black mambas (D)
  6 large abominations (D)
  A merfolk siren (D)
  A toenail golem (D)
  4 smoke demons (D)
  A gargoyle (D)
  A torpor snail (D)
  A water nymph (D)
  4 guardian serpents (D)
  4 vault sentinels (D)
  3 orange demons (D)
  2 cane toads (D)
  2 hellions (D)
  2 rime drakes (D)
  20 guardian mummies (D)
  A wandering mushroom (D)
  A tengu conjurer (D)
  A red devil (D)
  2 wind drakes (D)
  3 polar bears (D)
  A tyrant leech (D)
  18 merfolk (D)
  2 hornets (D)
  A glass eye (D)
  A blink frog (D)
  3 jumping spiders (D)
  2 slime creatures (D)
  A culicivora (D)
  A vampire (D)
  A yak (D)
  2 golden eyes (D)
  2 basilisks (D)
  2 redbacks (D)
  3 chaos spawn (D)
  2 neqoxecs (D)
  A swamp worm (shapeshifter) (D)
  A small abomination (D)
  3 wargs (D)
  6 nagas (D)
  2 water moccasins (D)
  A swamp drake (D)
  10 orc warriors (D)
  5 black bears (D)
  2 wolves (D)
  A centaur (D)
  2 phantoms (D)
  A kobold brigand (D)
  A gnoll sergeant (D)
  A bullfrog (D)
  A howler monkey (D)
  2 orc priests (D)
  A gnoll bouda (D)
  A sleepcap (D)
  10 orc wizards (D)
  An ufetubus (D)
  12 orcs (D)
  A bat (D)
  A bat zombie (D)
  A hobgoblin (D)
  A quokka (D)
  2 rats (D)
  4 ball lightnings (D)
633 creatures vanquished.

Vanquished Creatures (others)
  A titan (D)
  A pandemonium lord (D)
  2 goliath frogs (D)
  A bloated husk (D)
  A naga (D)
  4 ball lightnings (D)
10 creatures vanquished.

Grand Total: 643 creatures vanquished

Notes
Turn   | Place    | Note
-------+----------+-------------------------------------------
     0 | D        | fozzywoppz the Minotaur Fighter began the quest for the
                  | Orb.
     0 | D        | Reached XP level 1. HP: 19/19 MP: 0/0
    26 | D        | Noticed a phantom
    26 | D        | Noticed a sleepcap
    26 | D        | Noticed a gnoll bouda
    26 | D        | Noticed a gnoll sergeant
    26 | D        | Noticed a phantom
    33 | D        | Killed a phantom
    34 | D        | Reached skill level 5 in Maces & Flails
    34 | D        | Reached skill level 5 in Shields
    34 | D        | Reached XP level 2. HP: 26/31 MP: 1/1
    34 | D        | Reached XP level 3. HP: 32/38 MP: 2/2
    34 | D        | Reached XP level 4. HP: 37/45 MP: 3/3
    41 | D        | Killed a gnoll sergeant
    42 | D        | Reached XP level 5. HP: 30/52 MP: 4/4
    51 | D        | Killed a phantom
    54 | D        | Reached XP level 6. HP: 23/66 MP: 5/5
    72 | D        | Found a snail-covered altar of Cheibriados.
    72 | D        | Found a shadowy altar of Dithmenos.
    72 | D        | Found a white marble altar of Elyvilon.
    72 | D        | Found a blossoming altar of Fedhas.
    72 | D        | Found an opulent altar of Gozag.
    73 | D        | Found a hazy altar of Hepliaklqana.
    74 | D        | Found a viscous altar of Jiyva.
    75 | D        | Found an ancient bone altar of Kikubaaqudgha.
    76 | D        | Found a corrupted altar of Lugonu.
    77 | D        | Found a burning altar of Makhleb.
    78 | D        | Found a sparkling altar of Nemelex Xobeh.
    79 | D        | Found an iron altar of Okawaru.
    80 | D        | Found a stormy altar of Qazlal.
    81 | D        | Found a sacrificial altar of Ru.
    82 | D        | Found a shimmering blue altar of Sif Muna.
    83 | D        | Found a bloodstained altar of Trog.
    84 | D        | Found a hide-covered altar of Uskayaw.
    85 | D        | Found a radiant altar of Vehumet.
    86 | D        | Found an ornate altar of the Wu Jian Council.
    87 | D        | Became a worshipper of Warmaster Okawaru
    88 | D        | Found a shimmering altar of Xom.
    89 | D        | Found a basalt altar of Yredelemnul.
    90 | D        | Found a glowing silver altar of Zin.
    91 | D        | Found a glowing golden altar of the Shining One.
   194 | D        | Noticed a vampire
   202 | D        | Reached skill level 10 in Fighting
   202 | D        | Reached skill level 10 in Maces & Flails
   223 | D        | Killed a vampire
   223 | D        | Reached * piety under Okawaru
   224 | D        | Reached XP level 7. HP: 27/72 MP: 6/10
   353 | D        | Noticed a gargoyle
   353 | D        | Noticed a deep elf pyromancer
   353 | D        | Noticed a faun
   353 | D        | Noticed a green ugly thing
   353 | D        | Noticed a tengu warrior
   353 | D        | Noticed a deep elf pyromancer
   354 | D        | Noticed a fire elemental
   361 | D        | Killed a deep elf pyromancer
   362 | D        | Reached XP level 8. HP: 65/79 MP: 8/13
   365 | D        | Killed a deep elf pyromancer
   365 | D        | Reached ** piety under Okawaru
   366 | D        | Reached skill level 15 in Maces & Flails
   366 | D        | Reached skill level 10 in Invocations
   383 | D        | Killed a tengu warrior
   383 | D        | Reached *** piety under Okawaru
   384 | D        | Reached XP level 9. HP: 6/85 MP: 11/17
   583 | D        | Noticed a wolf spider
   588 | D        | Killed a wolf spider
   598 | D        | Killed a gargoyle
   598 | D        | Reached **** piety under Okawaru
   606 | D        | Killed a green ugly thing
   729 | D        | Noticed a cane toad
   729 | D        | Noticed an elephant
   740 | D        | Killed an elephant
   741 | D        | Reached skill level 10 in Armour
   741 | D        | Reached skill level 5 in Dodging
   741 | D        | Noticed a rime drake
   743 | D        | Killed a cane toad
   747 | D        | Reached XP level 10. HP: 70/97 MP: 11/19
   747 | D        | Noticed a cane toad
   767 | D        | Killed a cane toad
   767 | D        | Reached ***** piety under Okawaru
   797 | D        | Noticed a black mamba
   797 | D        | Noticed a lindwurm
   797 | D        | Noticed a six-headed hydra
   797 | D        | Noticed an oklob plant
   805 | D        | Noticed a black mamba
   887 | D        | Killed an oklob plant
   887 | D        | Received a gift from Okawaru
   892 | D        | Killed a six-headed hydra
  1038 | D        | Killed a lindwurm
  1043 | D        | Killed a black mamba
  1044 | D        | Reached skill level 10 in Dodging
  1047 | D        | Killed a black mamba
  1053 | D        | Reached skill level 15 in Fighting
  1084 | D        | Reached XP level 11. HP: 109/112 MP: 12/20
  1112 | D        | Received a gift from Okawaru
  1185 | D        | Noticed Harold
  1199 | D        | Killed Harold
  1200 | D        | Reached skill level 15 in Armour
  1205 | D        | Noticed Maurice
  1209 | D        | Maurice stole 2 silver javelins
  1234 | D        | Killed Maurice
  1235 | D        | Reached skill level 1 in Throwing
  1325 | D        | Noticed an orc knight
  1346 | D        | Killed an orc knight
  1452 | D        | Noticed an orc knight
  1452 | D        | Noticed an orc knight
  1452 | D        | Noticed an orc high priest
  1470 | D        | Killed an orc high priest
  1474 | D        | Noticed an orc knight
  1475 | D        | Killed an orc knight
  1481 | D        | Noticed an orc knight
  1482 | D        | Killed an orc knight
  1483 | D        | Reached skill level 5 in Throwing
  1497 | D        | Killed an orc knight
  1502 | D        | Killed an orc knight
  1536 | D        | Found Dionaacie's Antique Weapon Boutique.
  1536 | D        | Noticed an orc sorcerer
  1536 | D        | Noticed an orc sorcerer
  1546 | D        | Found Ehia's Armour Shop.
  1546 | D        | Noticed an orc sorcerer
  1555 | D        | Killed an orc sorcerer
  1555 | D        | Received a gift from Okawaru
  1563 | D        | Killed an orc sorcerer
  1564 | D        | Found Tupeud's Weapon Boutique.
  1568 | D        | Noticed an orc sorcerer
  1571 | D        | Killed an orc sorcerer
  1580 | D        | Noticed an orc sorcerer
  1581 | D        | Killed an orc sorcerer
  1582 | D        | Found Jifud's Armour Shop.
  1583 | D        | Noticed an orc sorcerer
  1590 | D        | Noticed an orc sorcerer
  1594 | D        | Noticed a sun demon
  1597 | D        | Killed an orc sorcerer
  1599 | D        | Killed an orc sorcerer
  1600 | D        | Reached XP level 12. HP: 60/129 MP: 18/21
  1649 | D        | Bought +2 gold dragon scales for 1288 gold pieces
  1966 | D        | Noticed a four-headed hydra
  1966 | D        | Noticed a five-headed hydra
  1966 | D        | Noticed a centaur warrior
  1966 | D        | Noticed a tengu warrior
  1967 | D        | Noticed a centaur warrior
  1970 | D        | Killed a tengu warrior
  1976 | D        | Killed a centaur warrior
  1987 | D        | Noticed a fire dragon
  1991 | D        | Killed a five-headed hydra
  1992 | D        | Noticed a deep troll shaman
  1995 | D        | Killed a four-headed hydra
  1996 | D        | Noticed an ettin
  1999 | D        | Killed a centaur warrior
  2000 | D        | Noticed a rakshasa
  2009 | D        | Noticed a stone giant
  2022 | D        | Noticed an ettin
  2037 | D        | Killed a fire dragon
  2038 | D        | Killed a deep troll shaman
  2039 | D        | Reached skill level 10 in Throwing
  2043 | D        | Killed a stone giant
  2043 | D        | Received a gift from Okawaru
  2046 | D        | Killed an ettin
  2053 | D        | Killed a rakshasa
  2056 | D        | Killed an ettin
  2162 | D        | Noticed Rupert
  2164 | D        | Noticed Frances
  2175 | D        | Paralysed by Rupert for 4 turns
  2186 | D        | Killed Rupert
  2194 | D        | Killed Frances
  2194 | D        | Received a gift from Okawaru
  2209 | D        | Noticed Gastronok
  2222 | D        | Killed Gastronok
  2223 | D        | Reached XP level 13. HP: 76/141 MP: 20/22
  2245 | D        | Noticed Erica
  2252 | D        | Killed Erica
  2404 | D        | Noticed a merfolk javelineer
  2410 | D        | Noticed a merfolk impaler
  2414 | D        | Killed a merfolk javelineer
  2415 | D        | Reached skill level 1 in Evocations
  2437 | D        | Killed a merfolk impaler
  2437 | D        | Reached ****** piety under Okawaru
  2591 | D        | Acquired the +7 sceptre of Torment {pain, torment}
  2591 | D        | Received a gift from Okawaru
  2591 | D        | Found the +7 sceptre of Torment {pain, torment}
  2839 | D        | Bought a +0 tower shield for 54 gold pieces
  3121 | D        | Received a gift from Okawaru
  3165 | D        | Received a gift from Okawaru
  3209 | D        | Reached skill level 15 in Dodging
  3221 | D        | Reached skill level 10 in Shields
  3228 | D        | Received a gift from Okawaru
  3475 | D        | Noticed a broodmother
  3475 | D        | Noticed a spark wasp
  3475 | D        | Noticed a fire dragon
  3475 | D        | Noticed an ettin
  3475 | D        | Noticed a green very ugly thing
  3475 | D        | a broodmother changed into a wolf spider
  3482 | D        | Killed a green very ugly thing
  3483 | D        | Reached skill level 1 in Necromancy
  3483 | D        | Killed an ettin
  3486 | D        | Killed a fire dragon
  3487 | D        | Killed a spark wasp
  3488 | D        | Noticed an ettin
  3489 | D        | Noticed a frost giant
  3490 | D        | Noticed a golden dragon
  3494 | D        | Reached XP level 14. HP: 113/155 MP: 23/23
  3494 | D        | Received a gift from Okawaru
  3496 | D        | Killed a frost giant
  3497 | D        | Noticed a frost giant
  3500 | D        | Killed a golden dragon
  3501 | D        | Reached skill level 5 in Evocations
  3503 | D        | Reached skill level 15 in Throwing
  3503 | D        | Killed a frost giant
  3504 | D        | Noticed a stone giant
  3516 | D        | Killed a stone giant
  3517 | D        | Reached skill level 5 in Necromancy
  3525 | D        | Received a gift from Okawaru
  3684 | D        | Noticed an ironbound thunderhulk
  3684 | D        | Noticed an ironbound thunderhulk
  3685 | D        | Noticed a vault warden
  3696 | D        | Killed an ironbound thunderhulk
  3700 | D        | Noticed a vault warden
  3704 | D        | Killed a vault warden
  3714 | D        | Killed an ironbound thunderhulk
  3715 | D        | Reached skill level 15 in Shields
  3721 | D        | Killed a vault warden
  3726 | D        | Noticed a vault warden
  3750 | D        | Killed a vault warden
  3773 | D        | Noticed an ironbound thunderhulk
  3777 | D        | Killed an ironbound thunderhulk
  3777 | D        | Received a gift from Okawaru
  3809 | D        | Noticed an ironbound thunderhulk
  3861 | D        | Killed an ironbound thunderhulk
  4023 | D        | Noticed a sphinx
  4024 | D        | Noticed an ironbound preserver
  4030 | D        | Killed an ironbound preserver
  4036 | D        | Killed a sphinx
  4106 | D        | Acquired the -1 pair of gloves "Aghuqiyx" {+Blink Regen+
                  | Dex-2 Slay+4}
  4106 | D        | Received a gift from Okawaru
  4148 | D        | Noticed Mennas
  4171 | D        | Killed Mennas
  4171 | D        | Received a gift from Okawaru
  4365 | D        | Found the +10 tower shield of Ignorance {rN+ Int-4}
  4503 | D        | Noticed Ilsuiw
  4509 | D        | Reached XP level 15. HP: 151/171 MP: 16/24
  4520 | D        | Killed Ilsuiw
  4544 | D        | Got a barnacled rune of Zot
  4570 | D        | Noticed an emperor scorpion
  4570 | D        | Noticed an emperor scorpion
  4578 | D        | Killed an emperor scorpion
  4583 | D        | Killed an emperor scorpion
  4587 | D        | Noticed an emperor scorpion
  4599 | D        | Killed an emperor scorpion
  4612 | D        | Got a gossamer rune of Zot
  4640 | D        | Received a gift from Okawaru
  4643 | D        | Reached skill level 27 in Fighting
  4667 | D        | Got a decaying rune of Zot
  4791 | D        | Noticed a nagaraja
  4792 | D        | Noticed a nagaraja
  4796 | D        | Noticed a nagaraja
  4800 | D        | Killed a nagaraja
  4805 | D        | Noticed a nagaraja
  4812 | D        | Killed a nagaraja
  4816 | D        | Killed a nagaraja
  4823 | D        | Killed a nagaraja
  4825 | D        | Got a serpentine rune of Zot
  4954 | D        | Noticed Mara
  4970 | D        | Noticed fozzywoppz's illusion
  4991 | D        | Killed Mara
  4991 | D        | Received a gift from Okawaru
  5121 | D        | Reached skill level 1 in Polearms
  5137 | D        | Reached skill level 5 in Polearms
  5147 | D        | Received a gift from Okawaru
  5153 | D        | Reached XP level 16. HP: 156/183 MP: 25/25
  5224 | D        | Noticed a lich
  5224 | D        | Noticed a tengu reaver
  5235 | D        | Killed a tengu reaver
  5239 | D        | Reached skill level 10 in Polearms
  5245 | D        | Received a gift from Okawaru
  5246 | D        | Killed a lich
  5247 | D        | Reached skill level 27 in Armour
  5251 | D        | Noticed a shadow dragon
  5254 | D        | Noticed a shadow dragon
  5264 | D        | Killed a shadow dragon
  5267 | D        | Killed a shadow dragon
  5327 | D        | Noticed a shadow dragon
  5327 | D        | Noticed a shadow dragon
  5327 | D        | Noticed a shadow dragon
  5333 | D        | Killed a shadow dragon
  5333 | D        | Killed a shadow dragon
  5333 | D        | Noticed a shadow dragon
  5338 | D        | Killed a shadow dragon
  5342 | D        | Identified the +2 great sword "Jydukis" {holy, rF+ Str+3
                  | Dex-5}
  5350 | D        | Killed a shadow dragon
  5353 | D        | Identified the ring of Allaph {rF+ Will+ Dex+6}
  5357 | D        | Got a silver rune of Zot
  5359 | D        | Got the Anthology of Crystallized Weather
  6521 | D        | Fell from the grace of Okawaru
  6521 | D        | Became a worshipper of the Shining One
  7665 | D        | Noticed Frederick
  7666 | D        | Identified the serpent talisman of Integrity {Slay+6}
  7666 | D        | Noticed Aizul
  7677 | D        | Killed Frederick
  7688 | D        | Killed Aizul
  7697 | D        | Noticed Nikola
  7697 | D        | Reached * piety under the Shining One
  7707 | D        | Noticed a titan
  7707 | D        | Noticed a deep elf master archer
  7711 | D        | Killed Nikola
  7718 | D        | Killed a titan
  7720 | D        | Killed a deep elf master archer
  7766 | D        | Got the amulet of Heresy {*Corrode Will+ Regen+ Str+8
                  | Dex+3}
  7768 | D        | Got the amulet of Noas {RegenMP Rampage}
  7772 | D        | Got the amulet of Rempaz Guego {Spirit rPois rC+ Int+3}
  7774 | D        | Got the ring "Synikloi" {rN+ rCorr MP+9 Dex+2 Stlth+}
  8159 | D        | Noticed a deep elf master archer
  8167 | D        | Killed a deep elf master archer
  8213 | D        | Reached ** piety under the Shining One
  8214 | D        | Noticed Margery
  8219 | D        | Reached *** piety under the Shining One
  8220 | D        | Reached skill level 1 in Long Blades
  8225 | D        | Reached **** piety under the Shining One
  8231 | D        | Killed Margery
  8250 | D        | Reached skill level 5 in Long Blades
  8258 | D        | Reached ***** piety under the Shining One
  8285 | D        | Noticed a caustic shrike
  8295 | D        | Reached skill level 27 in Shields
  8304 | D        | Reached ****** piety under the Shining One
  8311 | D        | Killed a caustic shrike
  8315 | D        | Reached XP level 17. HP: 191/191 MP: 26/26
  8441 | D        | Noticed a golden dragon
  8441 | D        | Noticed a golden dragon
  8450 | D        | Killed a golden dragon
  8451 | D        | Reached skill level 10 in Long Blades
  8457 | D        | Killed a golden dragon
  8488 | D        | Reached skill level 15 in Invocations
  8530 | D        | Noticed a tentacled monstrosity
  8530 | D        | Noticed a tentacled monstrosity
  8532 | D        | Killed a tentacled monstrosity
  8538 | D        | Killed a tentacled monstrosity
  8777 | D        | Noticed a tentacled monstrosity
  8794 | D        | Killed a tentacled monstrosity
  8811 | D        | Reached skill level 15 in Long Blades
  8939 | D        | Noticed a curse toe
  8948 | D        | Killed a curse toe
  8962 | D        | Reached skill level 27 in Throwing
  8977 | D        | Noticed a titan
  8995 | D        | Killed a titan
  9013 | D        | Noticed a tentacled monstrosity
  9013 | D        | Noticed a tentacled monstrosity
  9023 | D        | Killed a tentacled monstrosity
  9025 | D        | Killed a tentacled monstrosity
  9213 | D        | Identified a +7 sacred scourge of holy wrath (a +5 demon
                  | whip of electrocution blessed by the Shining One)
  9213 | D        | Received a gift from the Shining One
  9214 | D        | Noticed an Orb Guardian
  9214 | D        | Noticed an Orb Guardian
  9214 | D        | Noticed an Orb Guardian
  9214 | D        | Noticed an Orb Guardian
  9214 | D        | Noticed an Orb Guardian
  9214 | D        | Noticed an Orb Guardian
  9215 | D        | Killed an Orb Guardian
  9217 | D        | Noticed an Orb Guardian
  9219 | D        | Killed an Orb Guardian
  9219 | D        | Noticed an Orb Guardian
  9223 | D        | Noticed an Orb Guardian
  9224 | D        | Killed an Orb Guardian
  9228 | D        | Killed an Orb Guardian
  9233 | D        | Killed an Orb Guardian
  9235 | D        | Killed an Orb Guardian
  9239 | D        | Killed an Orb Guardian
  9243 | D        | Killed an Orb Guardian
  9245 | D        | Noticed an Orb Guardian
  9249 | D        | Killed an Orb Guardian
  9258 | D        | Killed an Orb Guardian
  9271 | D        | Noticed an Orb Guardian
  9271 | D        | Noticed an Orb Guardian
  9274 | D        | Noticed an Orb Guardian
  9276 | D        | Reached XP level 18. HP: 200/200 MP: 31/31
  9276 | D        | Noticed an Orb Guardian
  9282 | D        | Killed an Orb Guardian
  9285 | D        | Killed an Orb Guardian
  9292 | D        | Killed an Orb Guardian
  9297 | D        | Killed an Orb Guardian
  9339 | D        | Noticed an ancient lich
  9350 | D        | Killed an ancient lich
  9353 | D        | Noticed an orb of fire
  9376 | D        | Gained mutation: Your skin changes colour to match your
                  | surroundings (Stealth+). [an orb of fire]
  9377 | D        | Gained mutation: You are dopey. (Int -2) [an orb of fire]
  9380 | D        | Killed an orb of fire
  9384 | D        | Noticed an electric golem
  9391 | D        | Killed an electric golem
  9394 | D        | Noticed an ancient lich
  9394 | D        | Noticed an orb of fire
  9394 | D        | Noticed an orb of fire
  9394 | D        | Noticed an ancient lich
  9394 | D        | Noticed a golden dragon
  9397 | D        | Killed an ancient lich
  9398 | D        | Killed a golden dragon
  9399 | D        | Noticed a golden dragon
  9400 | D        | Noticed an orb of fire
  9401 | D        | Killed an orb of fire
  9401 | D        | Gained mutation: You are weak. (Str -2) [an orb of fire]
  9402 | D        | Reached skill level 27 in Dodging
  9440 | D        | Noticed an orb of fire
  9443 | D        | Killed an orb of fire
  9443 | D        | Killed an orb of fire
  9443 | D        | Killed an ancient lich
  9443 | D        | Killed an orb of fire
  9443 | D        | Killed a golden dragon
  9443 | D        | Noticed a golden dragon
  9444 | D        | Reached skill level 27 in Invocations
  9446 | D        | Noticed an ancient lich
  9448 | D        | Noticed an ancient lich
  9453 | D        | Killed a golden dragon
  9454 | D        | Reached skill level 15 in Polearms
  9456 | D        | Noticed an orb of fire
  9463 | D        | Killed an ancient lich
  9469 | D        | Killed an ancient lich
  9470 | D        | Reached skill level 10 in Evocations
  9471 | D        | Gained mutation: You have sharp toenails. [an orb of fire]
  9477 | D        | Gained mutation: You are frail. (-10% HP) [an orb of fire]
  9480 | D        | Killed an orb of fire
  9609 | D        | Noticed an Orb Guardian
  9609 | D        | Noticed an Orb Guardian
  9609 | D        | Noticed an Orb Guardian
  9609 | D        | Noticed an Orb Guardian
  9609 | D        | Noticed an Orb Guardian
  9609 | D        | Noticed an Orb Guardian
  9615 | D        | Killed an Orb Guardian
  9617 | D        | Noticed an Orb Guardian
  9618 | D        | Killed an Orb Guardian
  9622 | D        | Noticed an Orb Guardian
  9623 | D        | Killed an Orb Guardian
  9633 | D        | Killed an Orb Guardian
  9638 | D        | Killed an Orb Guardian
  9641 | D        | Killed an Orb Guardian
  9648 | D        | Killed an Orb Guardian
  9657 | D        | Killed an Orb Guardian
  9662 | D        | Noticed an Orb Guardian
  9663 | D        | Noticed an Orb Guardian
  9664 | D        | Noticed an Orb Guardian
  9668 | D        | Killed an Orb Guardian
  9669 | D        | Reached XP level 19. HP: 139/186 MP: 35/35
  9683 | D        | Reached skill level 15 in Evocations
  9701 | D        | Lost mutation: Your skin changes colour to match your
                  | surroundings (Stealth+). [potion of mutation]
  9701 | D        | Lost mutation: You are frail. (-10% HP) [potion of
                  | mutation]
  9701 | D        | Lost mutation: You are weak. (Str -2) [potion of mutation]
  9701 | D        | Gained mutation: You are vulnerable to cold. (rC-) [potion
                  | of mutation]
  9701 | D        | Gained mutation: Armour fits poorly on your strangely
                  | shaped body. [potion of mutation]
  9701 | D        | Gained mutation: You possess an exceptional clarity of
                  | mind. [potion of mutation]
  9701 | D        | Gained mutation: Your movements are slightly less
                  | encumbered by armour. (ER -2) [potion of mutation]
  9805 | D        | Noticed an ancient lich
  9807 | D        | Noticed an ancient lich
  9811 | D        | Noticed an ancient lich
  9819 | D        | Killed an ancient lich
  9825 | D        | Killed an ancient lich
  9827 | D        | Killed an ancient lich
  9920 | D        | Reached skill level 27 in Polearms
  9954 | D        | Got an elven rune of Zot
 10070 | D        | Noticed the Royal Jelly
 10083 | D        | Killed the Royal Jelly
 10142 | D        | Got a slimy rune of Zot
 10432 | D        | Reached skill level 27 in Evocations
 10432 | D        | Reached skill level 1 in Stealth
 10441 | D        | Reached skill level 5 in Stealth
 10460 | D        | Reached skill level 10 in Stealth
 10468 | D        | Reached XP level 20. HP: 154/216 MP: 36/36
 10544 | D        | Was forgiven by Okawaru
 10573 | D        | Noticed a royal mummy
 10589 | D        | Killed a royal mummy
 10590 | D        | Reached skill level 15 in Stealth
 10607 | D        | Noticed a royal mummy
 10607 | D        | Noticed a royal mummy
 10607 | D        | Noticed a royal mummy
 10607 | D        | Noticed a royal mummy
 10619 | D        | Killed a royal mummy
 10623 | D        | Killed a royal mummy
 10626 | D        | Noticed a royal mummy
 10629 | D        | Killed a royal mummy
 10631 | D        | Killed a royal mummy
 10638 | D        | Killed a royal mummy
 10686 | D        | Got a golden rune of Zot
 10812 | D        | Got an abyssal rune of Zot
 11322 | D        | Got the Orb of Zot
 11401 | D        | Lost intelligence.
 11402 | D        | Gained mutation: You are very dopey. (Int -4) [a neqoxec]
 12077 | D        | Lost intelligence.
 12112 | D        | Noticed Naodaq the pandemonium lord
 12115 | D        | Killed Naodaq the pandemonium lord
 12338 | D        | Noticed Zuliody the pandemonium lord
 12339 | D        | Noticed an ancient lich
 12349 | D        | Killed Zuliody the pandemonium lord
 12352 | D        | Killed an ancient lich
 12353 | D        | Reached skill level 27 in Stealth
 12861 | D        | Noticed Ryanuinyho the pandemonium lord
 12870 | D        | Killed Ryanuinyho the pandemonium lord
 12883 | D        | Noticed a profane servitor
 12891 | D        | Killed a profane servitor
 13101 | D        | Escaped with the Orb!

Illustrated notes

Levels and vault maps discovered:
D:        linesprint [early_d, line_temple, items_1, d_10, items_2, lair_1,
          lair_end, items_3, orc_1, orc_end, items_4, d_15, swamp_1, shoals_1,
          snake_1, spider_1, d_20, vaults_1, items_5, swamp_end, shoals_end,
          snake_end, spider_end, vaults_end, d_27, items_6, zot_1, zot_end,
          crypt_end, forest_end, elf_end, slime_end, tomb_end, abyss_end,
          pan_hell_end]

Skill      XL: |  1  2  3  4  5  6  7  8  9 10 11 12 13 14 15 16 17 18 19 20 |
---------------+-------------------------------------------------------------+-----
Fighting       | 6 7 9 10 12 15 18 20 22 25 27 | 27.0
Armour         | 6 7 8 10 14 17 19 20 22 26 27 | 27.0
Shields        | 5 11 17 22 27 | 27.0
Maces & Flails | 5 7 9 12 13 15 17 | 17.7
Invocations    | 6 8 12 14 20 27 | 27.0
Dodging        | 6 10 12 15 17 23 27 | 27.0
Throwing       | 8 11 14 17 20 25 27 | 27.0
Evocations     | 4 5 14 27 | 27.0
Necromancy     | 2 5 |  5.7
Polearms       | 6 14 21 27 | 27.0
Long Blades    | 9 20 26 | 26.7
Stealth        | 11 27 | 27.0

Action                     |  1- 3 |  4- 6 |  7- 9 | 10-12 | 13-15 | 16-18 | 19-21 || total
---------------------------+-------+-------+-------+-------+-------+-------+-------++-------
  Melee: Flail             |    16 |    19 |       |       |       |       |       ||    35
         Headbutt          |     3 |    15 |    10 |    89 |   115 |   217 |   166 ||   615
         Dire flail        |       |    21 |    57 |   346 |    41 |       |       ||   465
         Eveningstar       |       |       |       |       |   347 |    95 |       ||   442
         Trishula          |       |       |       |       |       |   582 |   601 ||  1183
  Throw: Javelin           |       |       |       |     3 |    20 |    35 |    26 ||    84
 Invoke: Heroism           |       |       |     3 |     4 |     3 |       |       ||    10
         Finesse           |       |       |     1 |     6 |     8 |     1 |       ||    16
         Receive Weapon    |       |       |       |       |     1 |       |       ||     1
         Receive Armour    |       |       |       |       |     1 |       |       ||     1
         Divine Shield     |       |       |       |       |       |     3 |     3 ||     6
         Brand Weapon With |       |       |       |       |       |     1 |       ||     1
         Summon Divine War |       |       |       |       |       |     1 |       ||     1
         Cleansing Flame   |       |       |       |       |       |       |     2 ||     2
  Evoke: Wand              |       |     2 |     5 |     1 |     5 |       |       ||    13
    Use: Potion            |     2 |     1 |     4 |     3 |     2 |     2 |     6 ||    20
         Scroll            |       |       |     2 |     1 |    10 |     4 |     3 ||    20
   Stab: Invisible         |       |       |       |       |     5 |       |       ||     5
 Armour: Scale mail        |    13 |     9 |       |       |       |       |       ||    22
         Ring mail         |       |    17 |    54 |    61 |       |       |       ||   132
         Plate armour      |       |       |       |    27 |       |       |       ||    27
         Gold dragon scale |       |       |       |    64 |   251 |   143 |    80 ||   538
  Dodge: Dodged            |     6 |    11 |    28 |   103 |    72 |    87 |    64 ||   371
  Block: Buckler           |     7 |     5 |       |       |       |       |       ||    12
         Tower shield      |       |       |       |       |   245 |   460 |   431 ||  1136

Table legend: (Time is in decaauts) A = Elapsed time spent in this place. B = Non-inter-level travel time spent in this place. C = Inter-level travel time spent in this place. D = Time resting spent in this place. E = Time spent auto-exploring this place. F = Levels seen in this place. G = Mean time per level. A B C D E F G +--------+--------+--------+--------+--------+-----+--------+ Total | 12198 | 8184 | 4014 | 2744 | 0 | 1 | 12198.0 | Dungeon | 12198 | 8184 | 4014 | 2744 | 0 | 1 | 12198.0 | +--------+--------+--------+--------+--------+-----+--------+

Top non-repeatable levels by time:
       D: 12198 daAuts
